 Dungeon Crawl Stone Soup version 0.28-a0-1624-g820543e53a (webtiles) character file.

Game seed: 5574083745860607691

137 FelixFigueroa the Cudgeller (level 5, -4/63 HPs)
             Began as a Human Berserker on Jan 23, 2022.
             Was a Believer of Trog.
             Slain by Duvessa (12 damage)
             ... on level 4 of the Dungeon.
             The game lasted 00:05:35 (3687 turns).

FelixFigueroa the Cudgeller (Human Berserker)       Turns: 3687, Time: 00:05:36

Health: -4/63      AC:  5    Str: 20    XL:     5   Next: 43%
Magic:  5/5        EV: 11    Int:  7    God:    Trog [**....]
Gold:   113        SH:  0    Dex: 12    Spells: 4/4 levels left

rFire   . . .      SeeInvis .   a - +0 mace
rCold   . . .      Faith    .   (no shield)
rNeg    . . .      Spirit   .   h - +0 ring mail
rPois   .          Reflect  .   (no helmet)
rElec   .          Harm     .   (no cloak)
rCorr   .          Rampage  .   (no gloves)
Will    .....                   (no boots)
Stlth   ..........              (no amulet)
HPRegen 0.20/turn               (no ring)
MPRegen 0.09/turn               (no ring)

@: berserking (expiring), very quick
A: no striking features
a: Renounce Religion, Berserk, Trog's Hand


You were on level 4 of the Dungeon.
You worshipped Trog.
Trog was pleased with you.
You visited 1 branch of the dungeon, and saw 4 of its levels.

You collected 113 gold pieces.

Inventory:

Hand Weapons
 a - a +0 mace (weapon)
 b - the +9 hunting sling "Hyugip" {flame, rC+}
   (You found it on level 2 of the Dungeon)

   Any ammunition fired from it burns those it strikes, dealing additional fire
   damage.
   rC:        It protects you from cold.
Missiles
 i - 66 stones (quivered)
Armour
 h - a +0 ring mail (worn)
Scrolls
 c - a scroll of noise {unknown}
 e - a scroll of teleportation {unknown}
 f - 2 scrolls of vulnerability {unknown}
 g - 2 scrolls of identify
Potions
 d - a potion of brilliance


   Skills:
 - Level 3.7 Fighting
 - Level 4.5 Maces & Flails
 + Level 1.4 Slings
 + Level 2.5 Armour
 - Level 2.0 Dodging
 - Level 0.5 Stealth


You had 4 spell levels left.
You didn't know any spells.
Your spell library was empty.

Dungeon Overview and Level Annotations

Branches:
Dungeon (4/15)
 Temple: D:4-7

Altars:

Shops:
D:3 (

Annotations:
D:4 Dowan, Duvessa


Message History

Dowan says, "My weaknesses are her strengths!"
Duvessa hits you with a +3 short sword.
As you read the scroll labelled CERAG NEDWAF, it crumbles to dust.
It is a scroll of identify.
d - a potion of brilliance Dowan gestures wildly while chanting.
Dowan blinks!
Duvessa hits you with a +3 short sword.
The +9 hunting sling "Hyugip" {flame, rC+} stops flaming.
a - a +0 mace (weapon)
Duvessa hits you but does no damage.
A red film seems to cover your vision as you go berserk!
You feel yourself moving faster!
You feel mighty! Duvessa closely misses you.
Dowan gestures at you while chanting. The puff of flame hits you.
Duvessa barely misses you.
You hit Duvessa.
Duvessa is moderately wounded.
Duvessa hits you with a +3 short sword!
You hit Duvessa.
Duvessa is moderately wounded.
Duvessa hits you with a +3 short sword.
* * * LOW HITPOINT WARNING * * *
You completely miss Duvessa.
Duvessa is moderately wounded.
Dowan hits you but does no damage. Duvessa closely misses you.
You sock Duvessa!
Duvessa is heavily wounded.
Duvessa hits you with a +3 short sword.
* * * LOW HITPOINT WARNING * * *
Dowan hits you with a +0 dagger.
* * * LOW HITPOINT WARNING * * *
You hit Duvessa.
Duvessa is severely wounded.
Duvessa hits you with a +3 short sword.
* * * LOW HITPOINT WARNING * * *
Dowan hits you with a +0 dagger.
* * * LOW HITPOINT WARNING * * *
You hit Duvessa.
Duvessa is almost dead.
Duvessa hits you with a +3 short sword!
You die...

........#§........
..........##......
.........##......
..#......#.......
...##...)......... #.
##...#...............
..##.......###......##.#
...........###.ee...#### . ###
#...........####@..##.##.# ..##
#.............##..##.....## #...
#..........#.....##..##...####..#
##.........###)................#.
<†..........#............##....#.
...#....................##.......
...##.................###........
##.##.............##..###..#.....
.....##..........##.......##....


You could see Duvessa (fast) and Dowan.

Vanquished Creatures
  Jessica (D:3)
  4 adders
  An ufetubus (D:4)
  A worm (D:2)
  An adder skeleton (D:4)
  A dart slug (D:3)
  3 orcs
  6 ball pythons
  4 endoplasms
  3 giant cockroaches
  8 goblins
  4 hobgoblins
  A jackal (D:2)
  2 kobolds (D:3)
  2 quokkas (D:1)
  5 bats
  7 frilled lizards
  2 rats
56 creatures vanquished.

Notes
Turn   | Place    | Note
-------+----------+-------------------------------------------
     0 | D:1      | FelixFigueroa the Human Berserker began the quest for the
                  | Orb.
     0 | D:1      | Reached XP level 1. HP: 18/18 MP: 1/1
   370 | D:1      | Reached XP level 2. HP: 22/24 MP: 2/2
  1130 | D:1      | Reached XP level 3. HP: 29/29 MP: 3/3
  1442 | D:2      | Identified the +9 hunting sling "Hyugip" {flame, rC+}
  2082 | D:2      | Reached skill level 4 in Maces & Flails
  2500 | D:2      | You fall into a shaft and drop 2 floors!
  2554 | D:4      | Reached XP level 4. HP: 36/36 MP: 4/4
  3050 | D:3      | Found Xoco's Weapon Boutique.
  3256 | D:3      | Noticed Jessica
  3259 | D:3      | Killed Jessica
  3260 | D:3      | Reached skill level 1 in Slings
  3260 | D:3      | Reached XP level 5. HP: 42/42 MP: 5/5
  3274 | D:3      | Reached ** piety under Trog
  3663 | D:4      | Noticed Duvessa
  3664 | D:4      | Noticed Dowan
  3687 | D:4      | Slain by Duvessa

Illustrated notes

Levels and vault maps discovered:
D:1:      dpeg_arrival_rooms_a, layout_loops_corners
D:2:      layout_basic, hex_large, minmay_tetromino_o4, uniq_sigmund
D:3:      layout_loops_ring, serial_shops, nicolae_square_shop, uniq_jessica
D:4:      layout_cave_pools, uniq_duvessa

Skill      XL: |  1  2  3  4 |
---------------+-------------+-----
Maces & Flails | 4 |  4.5
Slings         | 1 |  1.4
Fighting       | |  3.7
Armour         | |  2.5
Dodging        | |  2.0
Stealth        | |  0.5

Action                   |  1- 3 |  4- 6 || total
-------------------------+-------+-------++-------
Melee: Mace              |   101 |    39 ||   140
       Punch             |     3 |       ||     3
 Fire: Hunting sling     |       |    25 ||    25
Invok: Berserk           |     3 |     3 ||     6
  Use: Scroll            |       |     1 ||     1
 Stab: Sleeping          |     1 |       ||     1
Armor: Animal skin       |    17 |       ||    17
       Ring mail         |     5 |    17 ||    22
Dodge: Dodged            |    62 |    27 ||    89

Table legend: (Time is in decaauts)
 A = Elapsed time spent in this place.
 B = Non-inter-level travel time spent in this place.
 C = Inter-level travel time spent in this place.
 D = Time resting spent in this place.
 E = Time spent auto-exploring this place.
 F = Levels seen in this place.
 G = Mean time per level.
                   A        B        C        D        E       F      G
               +--------+--------+--------+--------+--------+-----+--------+
         Total |   3775 |   3664 |    111 |   1343 |   1853 |   4 |  943.8 |
       Dungeon |   3775 |   3664 |    111 |   1343 |   1853 |   4 |  943.8 |
               +--------+--------+--------+--------+--------+-----+--------+

Top non-repeatable levels by time:
     D:1: 1325 daAuts
     D:2: 1230 daAuts
     D:3: 1044 daAuts
     D:4: 174 daAuts
